 Dungeon Crawl Stone Soup version 0.18.1-6-gd335043 (webtiles) character file.

5566 NoLuckNoSkill the Thaumaturge (level 10, -2/50 HPs)
             Began as a Deep Elf Conjurer on May 16, 2016.
             Was a Priest of Vehumet.
             Killed from afar by Fannar (33 damage)
             ... with a bolt of cold
             ... on level 10 of the Dungeon.
             The game lasted 00:37:16 (10185 turns).

NoLuckNoSkill the Thaumaturge (Deep Elf Conjurer)  Turns: 10185, Time: 00:37:17

Health: -2/50      AC: 13    Str:  3    XL:     10   Next: 44%
Magic:  0/28       EV: 15    Int: 24    God:    Vehumet [***...]
Gold:   488        SH:  7    Dex: 15    Spells: 10 memorised, 5 levels left

rFire  . . .     SeeInvis .     k - +3 mace (protect)
rCold  . . .     Gourm    +     a - +0 robe
rNeg   + . .     Faith    .     H - +2 buckler {AC+3}
rPois  .         Spirit   .     L - +1 hat {MR+}
rElec  +         Dismiss  .     (no cloak)
rCorr  .         Reflect  .     (no gloves)
SustAt .         Harm     .     o - +1 pair of boots
MR     +++..     Clarity  +     S - amulet of Alouha {Gourm +Fly rElec Str-2 Int+2}
Stlth  ++........               E - ring of positive energy
                                (no ring)

@: extremely resistant to hostile enchantments, unstealthy
A: fangs 1, hooves 1, blink, blurry vision 1, clarity, dopey 1, magic resistance
1, sense surroundings 1, evolution 1
a: Blink, Renounce Religion, Evoke Flight


You were on level 10 of the Dungeon.
You worshipped Vehumet.
Vehumet was most pleased with you.
You were completely stuffed.

You visited 2 branches of the dungeon, and saw 11 of its levels.
You also visited: Sewer and Ossuary.

You collected 795 gold pieces.
You spent 307 gold pieces at shops.

Inventory:

Hand Weapons
 k - a +3 mace of protection (weapon)
 u - the +0 flail of the Eggplant {freeze, rF+ rC+ MR+}
   (You found it on level 6 of the Dungeon)

   It has been specially enchanted to freeze those struck by it, causing extra
   injury to most foes and up to half again as much damage against particularly
   susceptible opponents.
   It can also slow down cold-blooded creatures.
   It protects you from fire.
   It protects you from cold.
   It affects your resistance to hostile enchantments.
Armour
 a - a +0 robe (worn)
 o - a +1 pair of boots (worn)
 w - the +3 leather armour of Altruism {Slay+3}
   (You took it off an orc on level 8 of the Dungeon)

   It affects your accuracy and damage with ranged weapons and melee attacks
   (+3).
 H - a +2 buckler of protection (worn)
 L - a +1 hat of magic resistance (worn)
Magical Staves
 A - an uncursed staff of fire
Jewellery
 v - an uncursed ring of ice
 B - an uncursed amulet of regeneration
 E - a ring of positive energy (right hand)
 S - the amulet of Alouha (around neck) {Gourm +Fly rElec Str-2 Int+2}
   (You found it on level 10 of the Dungeon)

   [amulet of the gourmand]

   It allows you to eat raw meat even when not hungry.
   It affects your strength (-2).
   It affects your intelligence (+2).
   It insulates you from electricity.
   It lets you fly.
Wands
 g - a wand of confusion (18/48)
 l - a wand of slowing (23/48)
 Q - a wand of lightning (10/15)
Scrolls
 d - 4 scrolls of teleportation
 f - a scroll of blinking
 h - a scroll of immolation
 j - 4 scrolls of identify
 n - 3 scrolls of remove curse
 q - a scroll of recharging
 r - 2 scrolls of enchant armour
 z - 2 scrolls of noise
 M - a scroll of amnesia
 R - a scroll of enchant weapon
Potions
 e - 3 potions of curing
 i - a potion of mutation
 m - 3 potions of berserk rage
 p - 2 potions of brilliance
 s - a potion of lignification
 x - 6 potions of heal wounds
 F - a potion of ambrosia
 G - 2 potions of flight
 J - a potion of might
 N - a potion of haste
Books
 b - a book of Conjurations

   Spells                             Type                      Level
   a - Magic Dart                     Conjuration                  1
   b - Searing Ray                    Conjuration                  2
   c - Dazzling Spray                 Conjuration/Hexes            3
   d - Fulminant Prism                Conjuration/Hexes            4
   e - Iskenderun's Mystic Blast      Conjuration                  4
   f - Iskenderun's Battlesphere      Conjuration/Charms           5
 y - a book of Beasts

   Spells                             Type                      Level
   a - Summon Butterflies             Summoning                    1
   b - Call Canine Familiar           Summoning                    3
   c - Summon Ice Beast               Ice/Summoning                4
   d - Summon Mana Viper              Hexes/Summoning              5
   e - Summon Hydra                   Summoning                    7
 D - a book of Spatial Translocations

   Spells                             Type                      Level
   a - Apportation                    Translocation                1
   b - Blink                          Translocation                2
   c - Shroud of Golubria             Charms/Translocation         2
   d - Portal Projectile              Translocation                3
   e - Teleport Other                 Translocation                3
   f - Passage of Golubria            Translocation                4
 I - Sif Muna's Papyrus of Excruciating Weightlessness
   (You found it on level 9 of the Dungeon)

   Spells                             Type                      Level
   a - Dazzling Spray                 Conjuration/Hexes            3
   b - Mephitic Cloud                 Conjuration/Poison/Air       3
   c - Static Discharge               Conjuration/Air              3
   d - Bolt of Magma                  Conjuration/Fire/Earth       5
   e - Conjure Ball Lightning         Conjuration/Air              6
Comestibles
 c - 7 bread rations
 t - 7 beef jerkies
 C - 7 meat rations
 K - a royal jelly
 O - 5 fruits


   Skills:
 - Level 0.1 Armour
 - Level 5.8 Dodging
 - Level 2.4 Stealth
 * Level 2.9 Shields
 * Level 12.2 Spellcasting
 + Level 9.0 Conjurations
 + Level 7.8 Charms
 + Level 5.4 Summonings
 - Level 4.0 Translocations


You had 5 spell levels left.
You knew the following spells:

 Your Spells              Type           Power        Failure   Level  Hunger
a - Magic Dart            Conj           ####         1%          1    None
b - Searing Ray           Conj           ######       1%          2    None
c - Dazzling Spray        Conj/Hex       #####...     1%          3    None
d - Iskenderun's Mystic   Conj           ######..     1%          4    None
e - Fulminant Prism       Conj/Hex       #####.....   2%          4    None
f - Iskenderun's Battles  Conj/Chrm      ######..     1%          5    ###....
g - Summon Butterflies    Summ           #####...     1%          1    None
h - Shroud of Golubria    Chrm/Tloc      #####.....   1%          2    None
i - Apportation           Tloc           ####......   1%          1    None
j - Bolt of Magma         Conj/Fire/Erth ####......   11%         5    ###....


Dungeon Overview and Level Annotations

Branches:
Dungeon (10/15)            Temple (1/1) D:4            Lair (0/8) D:10
    Orc: D:9-12

Altars:
Ashenzari
Cheibriados
Dithmenos
Elyvilon
Fedhas
Gozag
Kikubaaqudgha
Makhleb
Nemelex Xobeh
Okawaru
Pakellas
Qazlal
Ru
Sif Muna
Trog
Vehumet
Xom
Yredelemnul
Zin
The Shining One

Shops:
D:10 ?

Annotations:
D:10 Fannar


Innate Abilities, Weirdness & Mutations

You have very sharp teeth.
You have large cloven feet.
You can translocate small distances at will.
Scrolls take you a little longer to read.
You possess an exceptional clarity of mind.
You are dopey. (Int -2)
You are resistant to hostile enchantments.
You passively map a small area around you.
You evolve.


Message History

You kill the ice beast!
Your battlesphere fires!
The barrage of energy hits Fannar.
Fannar is severely wounded.
Fannar casts a spell.
Unknown command.
Casting: Iskenderun's Mystic Blast
Confirm with . or Enter, or press ? or * to list all spells.
Aiming: Magic Dart
Press: ? - help, Shift-Dir - straight line, f/p - Fannar
Aim: Fannar, wielding a staff of cold and wearing a robe of cold resistance (severely wounded, covered in an icy film)
The magic dart hits Fannar.
Fannar is severely wounded.
Your battlesphere fires!
The barrage of energy hits Fannar.
Fannar is almost dead.
Fannar casts a spell at you. The bolt of cold hits you!
Ouch! That really hurt!
You die...

#.....#####.###.## #...#
#...........# #.# ##.##
#.....####### #.# #.# ##...##
##'## #.# #..## ##...## #.#
#.#### ##.....## ### #.# #.##.##
##.*....[## ##.###.#
#.#...####....Y....####?..##.###
##........'.....@.<.'......(.....
........###.....e...####...##.##.
##.##.#.# ##.......## ##.###.##.
##.####.# ##.....## #.###.##.
##.## #.# ##...## #.....##. ##..#
#.# ##'## #..#####. ###.###.# #.#
#..#####. .)..<...# ####.####
#........ ###.########.......#
##.######


You could see Fannar, an ice beast and a friendly battlesphere.

Vanquished Creatures
  A gargoyle (D:10)
  3 centaur skeletons
  A troll (D:10)
  A two-headed ogre (D:8)
  2 slime creatures
  A hippogriff (D:10)
  2 water moccasins (D:10)
  An ice beast (D:6)
  3 orc warriors
  4 black bears
  2 sky beasts (D:5)
  Purgy (Sewer)
  6 ogres
  A big kobold (Sewer)
  An elf zombie (Ossuary)
  2 giant frogs
  A gnoll sergeant (D:7)
  5 scorpions
  3 howler monkeys
  2 crimson imps
  3 jellies
  A quasit (D:10)
  A giant frog zombie (D:8)
  4 hounds
  4 orc priests
  2 gnoll shamans
  7 orc wizards
  3 giant frog skeletons
  4 worker ants
  2 iguanas
  A big kobold zombie (Ossuary)
  A hound zombie (D:8)
  A hound skeleton (D:9)
  2 mummies (Ossuary)
  A howler monkey zombie (D:5)
  A river rat (D:6)
  7 adders
  14 gnolls
  2 shadow imps
  2 oozes
  2 adder zombies
  2 worms
  A dart slug (D:3)
  8 giant geckos
  24 orcs
  5 bats
  7 giant cockroaches
  2 gnoll zombies (Ossuary)
  7 goblins
  8 hobgoblins
  3 jackals (D:2)
  10 kobolds
  9 quokkas
  2 ball pythons
  2 giant gecko skeletons
  A giant newt (D:4)
  A goblin zombie (Ossuary)
  2 hobgoblin zombies (Ossuary)
  7 orc zombies (Ossuary)
  A quokka skeleton (D:5)
  7 rats
217 creatures vanquished.

Vanquished Creatures (others)
  28 fulminant prisms
  A fungus (D:6)
29 creatures vanquished.

Grand Total: 246 creatures vanquished

Notes
Turn   | Place    | Note
--------------------------------------------------------------
     0 | D:1      | NoLuckNoSkill the Deep Elf Conjurer began the quest for the Orb.
     0 | D:1      | Reached XP level 1. HP: 10/10 MP: 6/6
   214 | D:1      | Reached XP level 2. HP: 12/15 MP: 0/8
   422 | D:1      | Learned a level 2 spell: Searing Ray
   441 | D:1      | Reached skill level 4 in Spellcasting
   943 | D:2      | Reached XP level 3. HP: 19/19 MP: 6/10
   954 | D:2      | Learned a level 3 spell: Dazzling Spray
  1113 | D:2      | Reached skill level 5 in Conjurations
  1527 | D:3      | Reached XP level 4. HP: 24/24 MP: 9/12
  1544 | D:3      | Learned a level 4 spell: Iskenderun's Mystic Blast
  1626 | D:3      | Reached skill level 5 in Spellcasting
  2089 | D:3      | Found an oddly glowing altar of Pakellas.
  2192 | D:4      | Reached skill level 6 in Spellcasting
  2192 | D:4      | Reached XP level 5. HP: 26/28 MP: 11/15
  2291 | D:4      | Found a sand-covered staircase.
  2304 | Ossuary  | Entered an ossuary
  2419 | Ossuary  | Learned a level 4 spell: Fulminant Prism
  2550 | Ossuary  | Reached skill level 7 in Spellcasting
  2550 | Ossuary  | Reached XP level 6. HP: 32/32 MP: 5/18
  2557 | Ossuary  | Learned a level 5 spell: Iskenderun's Battlesphere
  2920 | D:4      | Found a staircase to the Ecumenical Temple.
  2952 | Temple   | Entered the Ecumenical Temple
  2996 | Temple   | Became a worshipper of Vehumet
  3322 | D:4      | Reached skill level 8 in Spellcasting
  3336 | D:4      | Found an opulent altar of Gozag.
  3337 | D:4      | Found a shimmering altar of Xom.
  3486 | D:5      | Entered Level 5 of the Dungeon
  3507 | D:5      | Reached XP level 7. HP: 36/36 MP: 5/20
  3538 | D:5      | Learned a level 1 spell: Summon Butterflies
  3726 | D:5      | Reached skill level 1 in Charms
  3881 | D:5      | Gained mutation: You are dopey. (Int -2) [potion of mutation]
  3881 | D:5      | Gained mutation: You evolve. [potion of mutation]
  3881 | D:5      | Gained mutation: You possess an exceptional clarity of mind. [potion of mutation]
  3882 | D:5      | Gained mutation: You have very sharp teeth. [potion of mutation]
  3882 | D:5      | Gained mutation: You passively map a small area around you. [potion of mutation]
  3882 | D:5      | Gained mutation: You are resistant to hostile enchantments. [potion of mutation]
  3905 | D:5      | Reached skill level 1 in Summonings
  3933 | D:5      | Found a stormy altar of Qazlal.
  4010 | D:5      | Found a shadowy altar of Dithmenos.
  4094 | D:5      | Gained mutation: You have large cloven feet. [evolution]
  4185 | D:5      | Reached skill level 9 in Spellcasting
  4368 | D:6      | Got a slimy chain mail
  4386 | D:6      | Reached XP level 8. HP: 35/41 MP: 12/23
  4459 | D:6      | Reached * piety under Vehumet
  4459 | D:6      | Offered knowledge of Freeze by Vehumet.
  4528 | D:6      | Got an ancient flail
  4573 | D:6      | Found a glowing drain.
  4584 | Sewer    | Entered a sewer
  4594 | Sewer    | Learned a level 2 spell: Shroud of Golubria
  4596 | Sewer    | Learned a level 1 spell: Apportation
  4700 | Sewer    | Identified the +1 chain mail "Zeameost" {rC+ Str-4 Dex+4} (You found it on level 6 of the Dungeon)
  4710 | Sewer    | Identified the cursed +0 flail of the Eggplant {freeze, rF+ rC+ MR+} (You found it on level 6 of the Dungeon)
  4735 | Sewer    | Noticed Purgy
  4746 | Sewer    | Killed Purgy
  5010 | D:6      | Found a sacrificial altar of Ru.
  5023 | D:6      | Reached skill level 10 in Spellcasting
  5023 | D:6      | Reached skill level 1 in Translocations
  5088 | D:6      | Reached skill level 5 in Charms
  5738 | D:7      | Noticed a slime creature
  5738 | D:7      | Noticed a slime creature
  5738 | D:7      | Noticed a slime creature
  5741 | D:7      | Noticed a slime creature
  6052 | D:7      | You fall through a shaft!
  6133 | D:8      | Reached XP level 9. HP: 45/45 MP: 20/25
  6216 | D:7      | Reached skill level 5 in Dodging
  6387 | D:7      | Gained mutation: You can translocate small distances at will. [evolution]
  6390 | D:7      | Offered knowledge of Throw Frost by Vehumet.
  6466 | D:7      | Reached ** piety under Vehumet
  6941 | D:7      | Reached skill level 11 in Spellcasting
  7156 | D:7      | Found a snail-covered altar of Cheibriados.
  7239 | D:8      | Found an iron altar of Okawaru.
  7593 | D:8      | Got an ichor-stained leather armour
  7594 | D:8      | Identified the +3 leather armour of Altruism {Slay+3} (You took it off an orc on level 8 of the Dungeon)
  7840 | D:8      | Identified 3 scrolls of acquirement
  8126 | D:9      | Reached skill level 1 in Shields
  8191 | D:9      | Found a bloodstained altar of Trog.
  8308 | D:9      | Offered knowledge of Mephitic Cloud by Vehumet.
  8379 | D:9      | Identified Sif Muna's Papyrus of Excruciating Weightlessness
  8393 | D:9      | Got a pair of warped boots
  8404 | D:9      | Identified the +1 pair of boots "Haemaizeum" {*Corrode Regen+ Dex+3} (You acquired it on level 9 of the Dungeon)
  8462 | D:9      | Reached XP level 10. HP: 50/50 MP: 17/27
  8786 | D:10     | Entered Level 10 of the Dungeon
  8853 | D:10     | Noticed a gargoyle
  8858 | D:10     | Killed a gargoyle
  8858 | D:10     | Reached skill level 5 in Summonings
  9220 | D:10     | Found a staircase to the Lair.
  9262 | D:10     | Found Kozoq's Magic Scroll Boutique.
  9269 | D:10     | Bought a scroll of identify for 30 gold pieces
  9269 | D:10     | Bought a scroll of enchant weapon for 112 gold pieces
  9269 | D:10     | Bought a scroll of identify for 30 gold pieces
  9269 | D:10     | Bought a scroll of identify for 30 gold pieces
  9269 | D:10     | Bought a scroll of remove curse for 45 gold pieces
  9269 | D:10     | Bought a scroll of identify for 30 gold pieces
  9269 | D:10     | Bought a scroll of identify for 30 gold pieces
  9399 | D:10     | Got a coiled lead amulet
  9450 | D:10     | Reached skill level 12 in Spellcasting
  9513 | D:10     | Identified the amulet of Alouha {Gourm +Fly rElec Str-2 Int+2} (You found it on level 10 of the Dungeon)
  9543 | D:10     | Noticed Fannar
  9544 | D:10     | Found a shattered altar of Ashenzari.
  9559 | D:10     | Reached *** piety under Vehumet
  9725 | D:10     | Gained mutation: Scrolls take you a little longer to read. [evolution]
  9809 | D:10     | Learned a level 5 spell: Bolt of Magma
 10185 | D:10     | Killed from afar by Fannar

Skill      XL: |  1  2  3  4  5  6  7  8  9 10 |
---------------+-------------------------------+-----
Spellcasting   | 4 6 7 8 9 10 11 12 | 12.2
Conjurations   | 5 6 7 8 9 |  9.0
Charms         | 3 5 7 |  7.8
Summonings     | 1 3 4 5 |  5.4
Dodging        | 3 4 5 |  5.8
Translocations | 2 3 4 |  4.0
Shields        | 1 2 |  2.9
Armour         | |  0.1
Stealth        | |  2.4

Action                   |  1- 3 |  4- 6 |  7- 9 | 10-12 || total
-------------------------+-------+-------+-------+-------++-------
Melee: Unarmed           |    14 |       |       |       ||    14
       Dagger            |       |     9 |       |       ||     9
       Mace              |       |    13 |    33 |     6 ||    52
       Bite              |       |       |     3 |       ||     3
 Cast: Magic Dart        |    67 |    62 |    86 |    27 ||   242
       Searing Ray       |     8 |    15 |    57 |    19 ||    99
       Iskenderun's Myst |       |     9 |    39 |    20 ||    68
       Dazzling Spray    |       |       |     5 |     2 ||     7
       Fulminant Prism   |       |       |    23 |     6 ||    29
       Shroud of Golubri |       |       |     1 |       ||     1
       Summon Butterflie |       |       |     2 |       ||     2
       Iskenderun's Batt |       |       |       |     1 ||     1
 Abil: Blink             |       |       |     1 |       ||     1
  Use: Scroll            |       |       |    18 |     9 ||    27
       Potion            |       |       |     6 |       ||     6
  Eat: Chunk             |     2 |     7 |    10 |    21 ||    40
       Pizza             |       |       |     2 |       ||     2
       Beef jerky        |       |       |     2 |       ||     2
Armor: Robe              |     5 |    26 |    43 |    15 ||    89
Dodge: Dodged            |    35 |    21 |    98 |    25 ||   179
Block: Buckler           |       |       |     3 |    17 ||    20
